Workbook
Name IQ_CH: 110000
Name IQ_CQ: 5000
Name IQ_CY: 10000
Name IQ_DAILY: 500000
Name IQ_FH: 100000
Name IQ_FQ: 500
Name IQ_FY: 1000
Name IQ_LTM: 2000
Name IQ_MONTH: 15000
Name IQ_NTM: 6000
Name IQ_WEEK: 50000
Name IQ_YTD: 3000

Sheet Charts 8x10

Sheet Chart Data
A1: Total Loans
B3: Bank 1 | C3: Bank 2 | D3: Bank 3 | E3: Bank 4 | F3: Bank 5
A4: Q4/29 | B4: ='Qtrly Data'!B4 -> 628.24 | C4: =B4 -> 628.24 | D4: =C4 -> 628.24 | E4: =D4 -> 628.24 | F4: =E4 -> 628.24
A5: Q1/30 | B5: =IF('Qtrly Data'!$B$23=1,'Qtrly Data'!B24,NA()) -> 660.8 | C5: =IF('Qtrly Data'!$B$23=1,'Qtrly Data'!C24,NA()) -> 678.2 | D5: =IF('Qtrly Data'!$B$23=1,'Qtrly Data'!D24,NA()) -> 661.8 | E5: =IF('Qtrly Data'!$B$23=1,'Qtrly Data'!E24,NA()) -> 671.3 | F5: =IF('Qtrly Data'!$B$23=1,'Qtrly Data'!#REF!,NA()) -> #REF!
A6: Q2/30 | B6: =IF('Qtrly Data'!$B$43=1,'Qtrly Data'!B44,NA()) -> 657.3 | C6: =IF('Qtrly Data'!$B$43=1,'Qtrly Data'!C44,NA()) -> 686.1 | D6: =IF('Qtrly Data'!$B$43=1,'Qtrly Data'!D44,NA()) -> 694.1 | E6: =IF('Qtrly Data'!$B$43=1,'Qtrly Data'!E44,NA()) -> 667.8 | F6: =IF('Qtrly Data'!$B$43=1,'Qtrly Data'!#REF!,NA()) -> #REF!
A7: Q3/30 | B7: =IF('Qtrly Data'!$B$63=1,'Qtrly Data'!B64,NA()) -> 657.1 | C7: =IF('Qtrly Data'!$B$63=1,'Qtrly Data'!C64,NA()) -> 657.6 | D7: =IF('Qtrly Data'!$B$63=1,'Qtrly Data'!D64,NA()) -> 692 | E7: =IF('Qtrly Data'!$B$63=1,'Qtrly Data'!E64,NA()) -> 641.5 | F7: =IF('Qtrly Data'!$B$63=1,'Qtrly Data'!#REF!,NA()) -> #REF!
A8: Q4/30 | B8: =IF('Qtrly Data'!$B$83=1,'Qtrly Data'!B84,NA()) -> 660.3 | C8: =IF('Qtrly Data'!$B$83=1,'Qtrly Data'!C84,NA()) -> 655.7 | D8: =IF('Qtrly Data'!$B$83=1,'Qtrly Data'!D84,NA()) -> 630.4 | E8: =IF('Qtrly Data'!$B$83=1,'Qtrly Data'!E84,NA()) -> 586.6 | F8: =IF('Qtrly Data'!$B$83=1,'Qtrly Data'!#REF!,NA()) -> #REF!
A9: Q1/31 | B9: =IF('Qtrly Data'!$B$103=1,'Qtrly Data'!B104,NA()) -> 657.8 | C9: =IF('Qtrly Data'!$B$103=1,'Qtrly Data'!C104,NA()) -> 616.4 | D9: =IF('Qtrly Data'!$B$103=1,'Qtrly Data'!D104,NA()) -> 597.5 | E9: =IF('Qtrly Data'!$B$103=1,'Qtrly Data'!E104,NA()) -> 562.7 | F9: =IF('Qtrly Data'!$B$103=1,'Qtrly Data'!#REF!,NA()) -> #REF!
A10: Q2/31 | B10: =IF('Qtrly Data'!$B$123=1,'Qtrly Data'!B124,NA()) -> 688.7 | C10: =IF('Qtrly Data'!$B$123=1,'Qtrly Data'!C124,NA()) -> 607.8 | D10: =IF('Qtrly Data'!$B$123=1,'Qtrly Data'!D124,NA()) -> 615 | E10: =IF('Qtrly Data'!$B$123=1,'Qtrly Data'!E124,NA()) -> 591.7 | F10: =IF('Qtrly Data'!$B$123=1,'Qtrly Data'!#REF!,NA()) -> #REF!
A11: Q3/31 | B11: =IF('Qtrly Data'!$B$143=1,'Qtrly Data'!B144,NA()) -> 689.4 | C11: =IF('Qtrly Data'!$B$143=1,'Qtrly Data'!C144,NA()) -> 622 | D11: =IF('Qtrly Data'!$B$143=1,'Qtrly Data'!D144,NA()) -> 639.6 | E11: =IF('Qtrly Data'!$B$143=1,'Qtrly Data'!E144,NA()) -> 623.1 | F11: =IF('Qtrly Data'!$B$143=1,'Qtrly Data'!#REF!,NA()) -> #REF!
A12: Q4/31 | B12: =IF('Qtrly Data'!$B$163=1,'Qtrly Data'!B164,NA()) -> 713.6 | C12: =IF('Qtrly Data'!$B$163=1,'Qtrly Data'!C164,NA()) -> 647.4 | D12: =IF('Qtrly Data'!$B$163=1,'Qtrly Data'!D164,NA()) -> 676.2 | E12: =IF('Qtrly Data'!$B$163=1,'Qtrly Data'!E164,NA()) -> 664.3 | F12: =IF('Qtrly Data'!$B$163=1,'Qtrly Data'!#REF!,NA()) -> #REF!
A14: Total Assets
B16: Bank 1 | C16: Bank 2 | D16: Bank 3 | E16: Bank 4 | F16: Bank 5
A17: Q4/29 | B17: ='Qtrly Data'!B5 -> 781.093 | C17: =B17 -> 781.093 | D17: =C17 -> 781.093 | E17: =D17 -> 781.093 | F17: =E17 -> 781.093
A18: Q1/30 | B18: =IF('Qtrly Data'!$B$23=1,'Qtrly Data'!B25,NA()) -> 817.6 | C18: =IF('Qtrly Data'!$B$23=1,'Qtrly Data'!C25,NA()) -> 834.9 | D18: =IF('Qtrly Data'!$B$23=1,'Qtrly Data'!D25,NA()) -> 816.4 | E18: =IF('Qtrly Data'!$B$23=1,'Qtrly Data'!E25,NA()) -> 825.9 | F18: =IF('Qtrly Data'!$B$23=1,'Qtrly Data'!#REF!,NA()) -> #REF!
A19: Q2/30 | B19: =IF('Qtrly Data'!$B$43=1,'Qtrly Data'!B45,NA()) -> 849.2 | C19: =IF('Qtrly Data'!$B$43=1,'Qtrly Data'!C45,NA()) -> 851.7 | D19: =IF('Qtrly Data'!$B$43=1,'Qtrly Data'!D45,NA()) -> 861.7 | E19: =IF('Qtrly Data'!$B$43=1,'Qtrly Data'!E45,NA()) -> 837.6 | F19: =IF('Qtrly Data'!$B$43=1,'Qtrly Data'!#REF!,NA()) -> #REF!
A20: Q3/30 | B20: =IF('Qtrly Data'!$B$63=1,'Qtrly Data'!B65,NA()) -> 845.3 | C20: =IF('Qtrly Data'!$B$63=1,'Qtrly Data'!C65,NA()) -> 841.9 | D20: =IF('Qtrly Data'!$B$63=1,'Qtrly Data'!D65,NA()) -> 888.3 | E20: =IF('Qtrly Data'!$B$63=1,'Qtrly Data'!E65,NA()) -> 815.5 | F20: =IF('Qtrly Data'!$B$63=1,'Qtrly Data'!#REF!,NA()) -> #REF!
A21: Q4/30 | B21: =IF('Qtrly Data'!$B$83=1,'Qtrly Data'!B85,NA()) -> 872.4 | C21: =IF('Qtrly Data'!$B$83=1,'Qtrly Data'!C85,NA()) -> 836 | D21: =IF('Qtrly Data'!$B$83=1,'Qtrly Data'!D85,NA()) -> 835.9 | E21: =IF('Qtrly Data'!$B$83=1,'Qtrly Data'!E85,NA()) -> 796.2 | F21: =IF('Qtrly Data'!$B$83=1,'Qtrly Data'!#REF!,NA()) -> #REF!
A22: Q1/31 | B22: =IF('Qtrly Data'!$B$103=1,'Qtrly Data'!B105,NA()) -> 871.9 | C22: =IF('Qtrly Data'!$B$103=1,'Qtrly Data'!C105,NA()) -> 837 | D22: =IF('Qtrly Data'!$B$103=1,'Qtrly Data'!D105,NA()) -> 853.5 | E22: =IF('Qtrly Data'!$B$103=1,'Qtrly Data'!E105,NA()) -> 823.7 | F22: =IF('Qtrly Data'!$B$103=1,'Qtrly Data'!#REF!,NA()) -> #REF!
A23: Q2/31 | B23: =IF('Qtrly Data'!$B$123=1,'Qtrly Data'!B125,NA()) -> 895.2 | C23: =IF('Qtrly Data'!$B$123=1,'Qtrly Data'!C125,NA()) -> 844.6 | D23: =IF('Qtrly Data'!$B$123=1,'Qtrly Data'!D125,NA()) -> 834.6 | E23: =IF('Qtrly Data'!$B$123=1,'Qtrly Data'!E125,NA()) -> 822.3 | F23: =IF('Qtrly Data'!$B$123=1,'Qtrly Data'!#REF!,NA()) -> #REF!
A24: Q3/31 | B24: =IF('Qtrly Data'!$B$143=1,'Qtrly Data'!B145,NA()) -> 911.7 | C24: =IF('Qtrly Data'!$B$143=1,'Qtrly Data'!C145,NA()) -> 855 | D24: =IF('Qtrly Data'!$B$143=1,'Qtrly Data'!D145,NA()) -> 834.9 | E24: =IF('Qtrly Data'!$B$143=1,'Qtrly Data'!E145,NA()) -> 840.4 | F24: =IF('Qtrly Data'!$B$143=1,'Qtrly Data'!#REF!,NA()) -> #REF!
A25: Q4/31 | B25: =IF('Qtrly Data'!$B$163=1,'Qtrly Data'!B165,NA()) -> 918.4 | C25: =IF('Qtrly Data'!$B$163=1,'Qtrly Data'!C165,NA()) -> 865.9 | D25: =IF('Qtrly Data'!$B$163=1,'Qtrly Data'!D165,NA()) -> 865.4 | E25: =IF('Qtrly Data'!$B$163=1,'Qtrly Data'!E165,NA()) -> 873.6 | F25: =IF('Qtrly Data'!$B$163=1,'Qtrly Data'!#REF!,NA()) -> #REF!
A27: Core Deposits
B29: Bank 1 | C29: Bank 2 | D29: Bank 3 | E29: Bank 4 | F29: Bank 5
A30: Q4/29 | B30: ='Qtrly Data'!B6 -> 634.133 | C30: =B30 -> 634.133 | D30: =C30 -> 634.133 | E30: =D30 -> 634.133 | F30: =E30 -> 634.133
A31: Q1/30 | B31: =IF('Qtrly Data'!$B$23=1,'Qtrly Data'!B26,NA()) -> 667.9 | C31: =IF('Qtrly Data'!$B$23=1,'Qtrly Data'!C26,NA()) -> 665.5 | D31: =IF('Qtrly Data'!$B$23=1,'Qtrly Data'!D26,NA()) -> 644.2 | E31: =IF('Qtrly Data'!$B$23=1,'Qtrly Data'!E26,NA()) -> 647.6 | F31: =IF('Qtrly Data'!$B$23=1,'Qtrly Data'!#REF!,NA()) -> #REF!
A32: Q2/30 | B32: =IF('Qtrly Data'!$B$43=1,'Qtrly Data'!B46,NA()) -> 703.4 | C32: =IF('Qtrly Data'!$B$43=1,'Qtrly Data'!C46,NA()) -> 698.1 | D32: =IF('Qtrly Data'!$B$43=1,'Qtrly Data'!D46,NA()) -> 657.2 | E32: =IF('Qtrly Data'!$B$43=1,'Qtrly Data'!E46,NA()) -> 665.2 | F32: =IF('Qtrly Data'!$B$43=1,'Qtrly Data'!#REF!,NA()) -> #REF!
A33: Q3/30 | B33: =IF('Qtrly Data'!$B$63=1,'Qtrly Data'!B66,NA()) -> 741.6 | C33: =IF('Qtrly Data'!$B$63=1,'Qtrly Data'!C66,NA()) -> 723.6 | D33: =IF('Qtrly Data'!$B$63=1,'Qtrly Data'!D66,NA()) -> 689.4 | E33: =IF('Qtrly Data'!$B$63=1,'Qtrly Data'!E66,NA()) -> 689.9 | F33: =IF('Qtrly Data'!$B$63=1,'Qtrly Data'!#REF!,NA()) -> #REF!
A34: Q4/30 | B34: =IF('Qtrly Data'!$B$83=1,'Qtrly Data'!B86,NA()) -> 758.2 | C34: =IF('Qtrly Data'!$B$83=1,'Qtrly Data'!C86,NA()) -> 728.9 | D34: =IF('Qtrly Data'!$B$83=1,'Qtrly Data'!D86,NA()) -> 706.2 | E34: =IF('Qtrly Data'!$B$83=1,'Qtrly Data'!E86,NA()) -> 708.1 | F34: =IF('Qtrly Data'!$B$83=1,'Qtrly Data'!#REF!,NA()) -> #REF!
A35: Q1/31 | B35: =IF('Qtrly Data'!$B$103=1,'Qtrly Data'!B106,NA()) -> 762.1 | C35: =IF('Qtrly Data'!$B$103=1,'Qtrly Data'!C106,NA()) -> 740.6 | D35: =IF('Qtrly Data'!$B$103=1,'Qtrly Data'!D106,NA()) -> 722.6 | E35: =IF('Qtrly Data'!$B$103=1,'Qtrly Data'!E106,NA()) -> 728.8 | F35: =IF('Qtrly Data'!$B$103=1,'Qtrly Data'!#REF!,NA()) -> #REF!
A36: Q2/31 | B36: =IF('Qtrly Data'!$B$123=1,'Qtrly Data'!B126,NA()) -> 788.4 | C36: =IF('Qtrly Data'!$B$123=1,'Qtrly Data'!C126,NA()) -> 742.5 | D36: =IF('Qtrly Data'!$B$123=1,'Qtrly Data'!D126,NA()) -> 739 | E36: =IF('Qtrly Data'!$B$123=1,'Qtrly Data'!E126,NA()) -> 728.5 | F36: =IF('Qtrly Data'!$B$123=1,'Qtrly Data'!#REF!,NA()) -> #REF!
A37: Q3/31 | B37: =IF('Qtrly Data'!$B$143=1,'Qtrly Data'!B146,NA()) -> 802.5 | C37: =IF('Qtrly Data'!$B$143=1,'Qtrly Data'!C146,NA()) -> 750.6 | D37: =IF('Qtrly Data'!$B$143=1,'Qtrly Data'!D146,NA()) -> 737.6 | E37: =IF('Qtrly Data'!$B$143=1,'Qtrly Data'!E146,NA()) -> 744.3 | F37: =IF('Qtrly Data'!$B$143=1,'Qtrly Data'!#REF!,NA()) -> #REF!
A38: Q4/31 | B38: =IF('Qtrly Data'!$B$163=1,'Qtrly Data'!B166,NA()) -> 805.6 | C38: =IF('Qtrly Data'!$B$163=1,'Qtrly Data'!C166,NA()) -> 758.6 | D38: =IF('Qtrly Data'!$B$163=1,'Qtrly Data'!D166,NA()) -> 750.4 | E38: =IF('Qtrly Data'!$B$163=1,'Qtrly Data'!E166,NA()) -> 774.1 | F38: =IF('Qtrly Data'!$B$163=1,'Qtrly Data'!#REF!,NA()) -> #REF!
A40: Fed Funds
B42: Bank 1 | C42: Bank 2 | D42: Bank 3 | E42: Bank 4 | F42: Bank 5
A43: Q4/29 | B43: ='Qtrly Data'!B7 -> -29.175 | C43: =B43 -> -29.175 | D43: =C43 -> -29.175 | E43: =D43 -> -29.175 | F43: =E43 -> -29.175
A44: Q1/30 | B44: =IF('Qtrly Data'!$B$23=1,'Qtrly Data'!B27,NA()) -> -20.4 | C44: =IF('Qtrly Data'!$B$23=1,'Qtrly Data'!C27,NA()) -> -25.4 | D44: =IF('Qtrly Data'!$B$23=1,'Qtrly Data'!D27,NA()) -> -23.4 | E44: =IF('Qtrly Data'!$B$23=1,'Qtrly Data'!E27,NA()) -> -24.4 | F44: =IF('Qtrly Data'!$B$23=1,'Qtrly Data'!#REF!,NA()) -> #REF!
A45: Q2/30 | B45: =IF('Qtrly Data'!$B$43=1,'Qtrly Data'!B47,NA()) -> -20.2 | C45: =IF('Qtrly Data'!$B$43=1,'Qtrly Data'!C47,NA()) -> -8.6 | D45: =IF('Qtrly Data'!$B$43=1,'Qtrly Data'!D47,NA()) -> -29.6 | E45: =IF('Qtrly Data'!$B$43=1,'Qtrly Data'!E47,NA()) -> -17.8 | F45: =IF('Qtrly Data'!$B$43=1,'Qtrly Data'!#REF!,NA()) -> #REF!
A46: Q3/30 | B46: =IF('Qtrly Data'!$B$63=1,'Qtrly Data'!B67,NA()) -> 1.8 | C46: =IF('Qtrly Data'!$B$63=1,'Qtrly Data'!C67,NA()) -> 10.7 | D46: =IF('Qtrly Data'!$B$63=1,'Qtrly Data'!D67,NA()) -> 25 | E46: =IF('Qtrly Data'!$B$63=1,'Qtrly Data'!E67,NA()) -> 1.5 | F46: =IF('Qtrly Data'!$B$63=1,'Qtrly Data'!#REF!,NA()) -> #REF!
A47: Q4/30 | B47: =IF('Qtrly Data'!$B$83=1,'Qtrly Data'!B87,NA()) -> 2.4 | C47: =IF('Qtrly Data'!$B$83=1,'Qtrly Data'!C87,NA()) -> -12.3 | D47: =IF('Qtrly Data'!$B$83=1,'Qtrly Data'!D87,NA()) -> 36.6 | E47: =IF('Qtrly Data'!$B$83=1,'Qtrly Data'!E87,NA()) -> 10.8 | F47: =IF('Qtrly Data'!$B$83=1,'Qtrly Data'!#REF!,NA()) -> #REF!
A48: Q1/31 | B48: =IF('Qtrly Data'!$B$103=1,'Qtrly Data'!B107,NA()) -> 12.4 | C48: =IF('Qtrly Data'!$B$103=1,'Qtrly Data'!C107,NA()) -> 23.8 | D48: =IF('Qtrly Data'!$B$103=1,'Qtrly Data'!D107,NA()) -> 80.1 | E48: =IF('Qtrly Data'!$B$103=1,'Qtrly Data'!E107,NA()) -> -5.8 | F48: =IF('Qtrly Data'!$B$103=1,'Qtrly Data'!#REF!,NA()) -> #REF!
A49: Q2/31 | B49: =IF('Qtrly Data'!$B$123=1,'Qtrly Data'!B127,NA()) -> 5.2 | C49: =IF('Qtrly Data'!$B$123=1,'Qtrly Data'!C127,NA()) -> 28.8 | D49: =IF('Qtrly Data'!$B$123=1,'Qtrly Data'!D127,NA()) -> 7 | E49: =IF('Qtrly Data'!$B$123=1,'Qtrly Data'!E127,NA()) -> 8.9 | F49: =IF('Qtrly Data'!$B$123=1,'Qtrly Data'!#REF!,NA()) -> #REF!
A50: Q3/31 | B50: =IF('Qtrly Data'!$B$143=1,'Qtrly Data'!B147,NA()) -> 14 | C50: =IF('Qtrly Data'!$B$143=1,'Qtrly Data'!C147,NA()) -> 27.6 | D50: =IF('Qtrly Data'!$B$143=1,'Qtrly Data'!D147,NA()) -> 15.4 | E50: =IF('Qtrly Data'!$B$143=1,'Qtrly Data'!E147,NA()) -> 9.6 | F50: =IF('Qtrly Data'!$B$143=1,'Qtrly Data'!#REF!,NA()) -> #REF!
A51: Q4/31 | B51: =IF('Qtrly Data'!$B$163=1,'Qtrly Data'!B167,NA()) -> -1.1 | C51: =IF('Qtrly Data'!$B$163=1,'Qtrly Data'!C167,NA()) -> 21.6 | D51: =IF('Qtrly Data'!$B$163=1,'Qtrly Data'!D167,NA()) -> 8.3 | E51: =IF('Qtrly Data'!$B$163=1,'Qtrly Data'!E167,NA()) -> 9.8 | F51: =IF('Qtrly Data'!$B$163=1,'Qtrly Data'!#REF!,NA()) -> #REF!
A53: NLA/TA
B55: Bank 1 | C55: Bank 2 | D55: Bank 3 | E55: Bank 4 | F55: Bank 5
A56: Q4/29 | B56: ='Qtrly Data'!B8 -> -0.0119 | C56: =B56 -> -0.0119 | D56: =C56 -> -0.0119 | E56: =D56 -> -0.0119 | F56: =E56 -> -0.0119
A57: Q1/30 | B57: =IF('Qtrly Data'!$B$23=1,'Qtrly Data'!B28,NA()) -> -0.037 | C57: =IF('Qtrly Data'!$B$23=1,'Qtrly Data'!C28,NA()) -> -0.042 | D57: =IF('Qtrly Data'!$B$23=1,'Qtrly Data'!D28,NA()) -> -0.041 | E57: =IF('Qtrly Data'!$B$23=1,'Qtrly Data'!E28,NA()) -> -0.042 | F57: =IF('Qtrly Data'!$B$23=1,'Qtrly Data'!#REF!,NA()) -> #REF!
A58: Q2/30 | B58: =IF('Qtrly Data'!$B$43=1,'Qtrly Data'!B48,NA()) -> 0.012 | C58: =IF('Qtrly Data'!$B$43=1,'Qtrly Data'!C48,NA()) -> -0.022 | D58: =IF('Qtrly Data'!$B$43=1,'Qtrly Data'!D48,NA()) -> -0.034 | E58: =IF('Qtrly Data'!$B$43=1,'Qtrly Data'!E48,NA()) -> -0.019 | F58: =IF('Qtrly Data'!$B$43=1,'Qtrly Data'!#REF!,NA()) -> #REF!
A59: Q3/30 | B59: =IF('Qtrly Data'!$B$63=1,'Qtrly Data'!B68,NA()) -> 0.049 | C59: =IF('Qtrly Data'!$B$63=1,'Qtrly Data'!C68,NA()) -> 0.012 | D59: =IF('Qtrly Data'!$B$63=1,'Qtrly Data'!D68,NA()) -> 0.034 | E59: =IF('Qtrly Data'!$B$63=1,'Qtrly Data'!E68,NA()) -> -0.001 | F59: =IF('Qtrly Data'!$B$63=1,'Qtrly Data'!#REF!,NA()) -> #REF!
A60: Q4/30 | B60: =IF('Qtrly Data'!$B$83=1,'Qtrly Data'!B88,NA()) -> 0.083 | C60: =IF('Qtrly Data'!$B$83=1,'Qtrly Data'!C88,NA()) -> 0.033 | D60: =IF('Qtrly Data'!$B$83=1,'Qtrly Data'!D88,NA()) -> 0.085 | E60: =IF('Qtrly Data'!$B$83=1,'Qtrly Data'!E88,NA()) -> 0.095 | F60: =IF('Qtrly Data'!$B$83=1,'Qtrly Data'!#REF!,NA()) -> #REF!
A61: Q1/31 | B61: =IF('Qtrly Data'!$B$103=1,'Qtrly Data'!B108,NA()) -> 0.083 | C61: =IF('Qtrly Data'!$B$103=1,'Qtrly Data'!C108,NA()) -> 0.094 | D61: =IF('Qtrly Data'!$B$103=1,'Qtrly Data'!D108,NA()) -> 0.141 | E61: =IF('Qtrly Data'!$B$103=1,'Qtrly Data'!E108,NA()) -> 0.139 | F61: =IF('Qtrly Data'!$B$103=1,'Qtrly Data'!#REF!,NA()) -> #REF!
A62: Q2/31 | B62: =IF('Qtrly Data'!$B$123=1,'Qtrly Data'!B128,NA()) -> 0.024 | C62: =IF('Qtrly Data'!$B$123=1,'Qtrly Data'!C128,NA()) -> 0.11 | D62: =IF('Qtrly Data'!$B$123=1,'Qtrly Data'!D128,NA()) -> 0.098 | E62: =IF('Qtrly Data'!$B$123=1,'Qtrly Data'!E128,NA()) -> 0.114 | F62: =IF('Qtrly Data'!$B$123=1,'Qtrly Data'!#REF!,NA()) -> #REF!
A63: Q3/31 | B63: =IF('Qtrly Data'!$B$143=1,'Qtrly Data'!B148,NA()) -> 0.048 | C63: =IF('Qtrly Data'!$B$143=1,'Qtrly Data'!C148,NA()) -> 0.096 | D63: =IF('Qtrly Data'!$B$143=1,'Qtrly Data'!D148,NA()) -> 0.068 | E63: =IF('Qtrly Data'!$B$143=1,'Qtrly Data'!E148,NA()) -> 0.091 | F63: =IF('Qtrly Data'!$B$143=1,'Qtrly Data'!#REF!,NA()) -> #REF!
A64: Q4/31 | B64: =IF('Qtrly Data'!$B$163=1,'Qtrly Data'!B168,NA()) -> 0.059 | C64: =IF('Qtrly Data'!$B$163=1,'Qtrly Data'!C168,NA()) -> 0.077 | D64: =IF('Qtrly Data'!$B$163=1,'Qtrly Data'!D168,NA()) -> 0.04 | E64: =IF('Qtrly Data'!$B$163=1,'Qtrly Data'!E168,NA()) -> 0.07 | F64: =IF('Qtrly Data'!$B$163=1,'Qtrly Data'!#REF!,NA()) -> #REF!
A68: Loans/Dep
B70: Bank 1 | C70: Bank 2 | D70: Bank 3 | E70: Bank 4 | F70: Bank 5
A71: Q4/29 | B71: ='Qtrly Data'!B9 -> 0.9359 | C71: =B71 -> 0.9359 | D71: =C71 -> 0.9359 | E71: =D71 -> 0.9359 | F71: =E71 -> 0.9359
A72: Q1/30 | B72: =IF('Qtrly Data'!$B$23=1,'Qtrly Data'!B29,NA()) -> 0.9652 | C72: =IF('Qtrly Data'!$B$23=1,'Qtrly Data'!C29,NA()) -> 0.9726 | D72: =IF('Qtrly Data'!$B$23=1,'Qtrly Data'!D29,NA()) -> 0.9717 | E72: =IF('Qtrly Data'!$B$23=1,'Qtrly Data'!E29,NA()) -> 1.0106 | F72: =IF('Qtrly Data'!$B$23=1,'Qtrly Data'!#REF!,NA()) -> #REF!
A73: Q2/30 | B73: =IF('Qtrly Data'!$B$43=1,'Qtrly Data'!B49,NA()) -> 0.9083 | C73: =IF('Qtrly Data'!$B$43=1,'Qtrly Data'!C49,NA()) -> 0.9484 | D73: =IF('Qtrly Data'!$B$43=1,'Qtrly Data'!D49,NA()) -> 0.9668 | E73: =IF('Qtrly Data'!$B$43=1,'Qtrly Data'!E49,NA()) -> 0.9672 | F73: =IF('Qtrly Data'!$B$43=1,'Qtrly Data'!#REF!,NA()) -> #REF!
A74: Q3/30 | B74: =IF('Qtrly Data'!$B$63=1,'Qtrly Data'!B69,NA()) -> 0.868 | C74: =IF('Qtrly Data'!$B$63=1,'Qtrly Data'!C69,NA()) -> 0.9087 | D74: =IF('Qtrly Data'!$B$63=1,'Qtrly Data'!D69,NA()) -> 0.941 | E74: =IF('Qtrly Data'!$B$63=1,'Qtrly Data'!E69,NA()) -> 0.923 | F74: =IF('Qtrly Data'!$B$63=1,'Qtrly Data'!#REF!,NA()) -> #REF!
A75: Q4/30 | B75: =IF('Qtrly Data'!$B$83=1,'Qtrly Data'!B89,NA()) -> 0.8591 | C75: =IF('Qtrly Data'!$B$83=1,'Qtrly Data'!C89,NA()) -> 0.8997 | D75: =IF('Qtrly Data'!$B$83=1,'Qtrly Data'!D89,NA()) -> 0.8927 | E75: =IF('Qtrly Data'!$B$83=1,'Qtrly Data'!E89,NA()) -> 0.8283 | F75: =IF('Qtrly Data'!$B$83=1,'Qtrly Data'!#REF!,NA()) -> #REF!
A76: Q1/31 | B76: =IF('Qtrly Data'!$B$103=1,'Qtrly Data'!B109,NA()) -> 0.8573 | C76: =IF('Qtrly Data'!$B$103=1,'Qtrly Data'!C109,NA()) -> 0.8323 | D76: =IF('Qtrly Data'!$B$103=1,'Qtrly Data'!D109,NA()) -> 0.8268 | E76: =IF('Qtrly Data'!$B$103=1,'Qtrly Data'!E109,NA()) -> 0.7721 | F76: =IF('Qtrly Data'!$B$103=1,'Qtrly Data'!#REF!,NA()) -> #REF!
A77: Q2/31 | B77: =IF('Qtrly Data'!$B$123=1,'Qtrly Data'!B129,NA()) -> 0.8735 | C77: =IF('Qtrly Data'!$B$123=1,'Qtrly Data'!C129,NA()) -> 0.8185 | D77: =IF('Qtrly Data'!$B$123=1,'Qtrly Data'!D129,NA()) -> 0.8323 | E77: =IF('Qtrly Data'!$B$123=1,'Qtrly Data'!E129,NA()) -> 0.8123 | F77: =IF('Qtrly Data'!$B$123=1,'Qtrly Data'!#REF!,NA()) -> #REF!
A78: Q3/31 | B78: =IF('Qtrly Data'!$B$143=1,'Qtrly Data'!B149,NA()) -> 0.8592 | C78: =IF('Qtrly Data'!$B$143=1,'Qtrly Data'!C149,NA()) -> 0.8287 | D78: =IF('Qtrly Data'!$B$143=1,'Qtrly Data'!D149,NA()) -> 0.8671 | E78: =IF('Qtrly Data'!$B$143=1,'Qtrly Data'!E149,NA()) -> 0.8372 | F78: =IF('Qtrly Data'!$B$143=1,'Qtrly Data'!#REF!,NA()) -> #REF!
A79: Q4/31 | B79: =IF('Qtrly Data'!$B$163=1,'Qtrly Data'!B169,NA()) -> 0.8858 | C79: =IF('Qtrly Data'!$B$163=1,'Qtrly Data'!C169,NA()) -> 0.8534 | D79: =IF('Qtrly Data'!$B$163=1,'Qtrly Data'!D169,NA()) -> 0.9011 | E79: =IF('Qtrly Data'!$B$163=1,'Qtrly Data'!E169,NA()) -> 0.8582 | F79: =IF('Qtrly Data'!$B$163=1,'Qtrly Data'!#REF!,NA()) -> #REF!
A81: Equity Ratio
B83: Bank 1 | C83: Bank 2 | D83: Bank 3 | E83: Bank 4 | F83: Bank 5
A84: Q4/29 | B84: ='Qtrly Data'!B10 -> 0.061 | C84: =B84 -> 0.061 | D84: =C84 -> 0.061 | E84: =D84 -> 0.061 | F84: =E84 -> 0.061
A85: Q1/30 | B85: =IF('Qtrly Data'!$B$23=1,'Qtrly Data'!B30,NA()) -> 0.0585 | C85: =IF('Qtrly Data'!$B$23=1,'Qtrly Data'!C30,NA()) -> 0.0572 | D85: =IF('Qtrly Data'!$B$23=1,'Qtrly Data'!D30,NA()) -> 0.0592 | E85: =IF('Qtrly Data'!$B$23=1,'Qtrly Data'!E30,NA()) -> 0.0587 | F85: =IF('Qtrly Data'!$B$23=1,'Qtrly Data'!#REF!,NA()) -> #REF!
A86: Q2/30 | B86: =IF('Qtrly Data'!$B$43=1,'Qtrly Data'!B50,NA()) -> 0.0573 | C86: =IF('Qtrly Data'!$B$43=1,'Qtrly Data'!C50,NA()) -> 0.057 | D86: =IF('Qtrly Data'!$B$43=1,'Qtrly Data'!D50,NA()) -> 0.0577 | E86: =IF('Qtrly Data'!$B$43=1,'Qtrly Data'!E50,NA()) -> 0.0591 | F86: =IF('Qtrly Data'!$B$43=1,'Qtrly Data'!#REF!,NA()) -> #REF!
A87: Q3/30 | B87: =IF('Qtrly Data'!$B$63=1,'Qtrly Data'!B70,NA()) -> 0.0589 | C87: =IF('Qtrly Data'!$B$63=1,'Qtrly Data'!C70,NA()) -> 0.0604 | D87: =IF('Qtrly Data'!$B$63=1,'Qtrly Data'!D70,NA()) -> 0.0583 | E87: =IF('Qtrly Data'!$B$63=1,'Qtrly Data'!E70,NA()) -> 0.0619 | F87: =IF('Qtrly Data'!$B$63=1,'Qtrly Data'!#REF!,NA()) -> #REF!
A88: Q4/30 | B88: =IF('Qtrly Data'!$B$83=1,'Qtrly Data'!B90,NA()) -> 0.0681 | C88: =IF('Qtrly Data'!$B$83=1,'Qtrly Data'!C90,NA()) -> 0.0623 | D88: =IF('Qtrly Data'!$B$83=1,'Qtrly Data'!D90,NA()) -> 0.0631 | E88: =IF('Qtrly Data'!$B$83=1,'Qtrly Data'!E90,NA()) -> 0.0641 | F88: =IF('Qtrly Data'!$B$83=1,'Qtrly Data'!#REF!,NA()) -> #REF!
A89: Q1/31 | B89: =IF('Qtrly Data'!$B$103=1,'Qtrly Data'!B110,NA()) -> 0.0687 | C89: =IF('Qtrly Data'!$B$103=1,'Qtrly Data'!C110,NA()) -> 0.0633 | D89: =IF('Qtrly Data'!$B$103=1,'Qtrly Data'!D110,NA()) -> 0.0623 | E89: =IF('Qtrly Data'!$B$103=1,'Qtrly Data'!E110,NA()) -> 0.062 | F89: =IF('Qtrly Data'!$B$103=1,'Qtrly Data'!#REF!,NA()) -> #REF!
A90: Q2/31 | B90: =IF('Qtrly Data'!$B$123=1,'Qtrly Data'!B130,NA()) -> 0.0679 | C90: =IF('Qtrly Data'!$B$123=1,'Qtrly Data'!C130,NA()) -> 0.0691 | D90: =IF('Qtrly Data'!$B$123=1,'Qtrly Data'!D130,NA()) -> 0.0683 | E90: =IF('Qtrly Data'!$B$123=1,'Qtrly Data'!E130,NA()) -> 0.0678 | F90: =IF('Qtrly Data'!$B$123=1,'Qtrly Data'!#REF!,NA()) -> #REF!
A91: Q3/31 | B91: =IF('Qtrly Data'!$B$143=1,'Qtrly Data'!B150,NA()) -> 0.0687 | C91: =IF('Qtrly Data'!$B$143=1,'Qtrly Data'!C150,NA()) -> 0.0705 | D91: =IF('Qtrly Data'!$B$143=1,'Qtrly Data'!D150,NA()) -> 0.0703 | E91: =IF('Qtrly Data'!$B$143=1,'Qtrly Data'!E150,NA()) -> 0.0681 | F91: =IF('Qtrly Data'!$B$143=1,'Qtrly Data'!#REF!,NA()) -> #REF!
A92: Q4/31 | B92: =IF('Qtrly Data'!$B$163=1,'Qtrly Data'!B170,NA()) -> 0.0707 | C92: =IF('Qtrly Data'!$B$163=1,'Qtrly Data'!C170,NA()) -> 0.0725 | D92: =IF('Qtrly Data'!$B$163=1,'Qtrly Data'!D170,NA()) -> 0.0704 | E92: =IF('Qtrly Data'!$B$163=1,'Qtrly Data'!E170,NA()) -> 0.0678 | F92: =IF('Qtrly Data'!$B$163=1,'Qtrly Data'!#REF!,NA()) -> #REF!
A94: Net Interest Margin
B96: Bank 1 | C96: Bank 2 | D96: Bank 3 | E96: Bank 4 | F96: Bank 5
A97: Q4/29 | B97: ='Qtrly Data'!B11 -> 0.0324 | C97: =B97 -> 0.0324 | D97: =C97 -> 0.0324 | E97: =D97 -> 0.0324 | F97: =E97 -> 0.0324
A98: Q1/30 | B98: =IF('Qtrly Data'!$B$23=1,'Qtrly Data'!B31,NA()) -> 0.037 | C98: =IF('Qtrly Data'!$B$23=1,'Qtrly Data'!C31,NA()) -> 0.0366 | D98: =IF('Qtrly Data'!$B$23=1,'Qtrly Data'!D31,NA()) -> 0.0352 | E98: =IF('Qtrly Data'!$B$23=1,'Qtrly Data'!E31,NA()) -> 0.0364 | F98: =IF('Qtrly Data'!$B$23=1,'Qtrly Data'!#REF!,NA()) -> #REF!
A99: Q2/30 | B99: =IF('Qtrly Data'!$B$43=1,'Qtrly Data'!B51,NA()) -> 0.0372 | C99: =IF('Qtrly Data'!$B$43=1,'Qtrly Data'!C51,NA()) -> 0.037 | D99: =IF('Qtrly Data'!$B$43=1,'Qtrly Data'!D51,NA()) -> 0.0358 | E99: =IF('Qtrly Data'!$B$43=1,'Qtrly Data'!E51,NA()) -> 0.0361 | F99: =IF('Qtrly Data'!$B$43=1,'Qtrly Data'!#REF!,NA()) -> #REF!
A100: Q3/30 | B100: =IF('Qtrly Data'!$B$63=1,'Qtrly Data'!B71,NA()) -> 0.0377 | C100: =IF('Qtrly Data'!$B$63=1,'Qtrly Data'!C71,NA()) -> 0.0382 | D100: =IF('Qtrly Data'!$B$63=1,'Qtrly Data'!D71,NA()) -> 0.0346 | E100: =IF('Qtrly Data'!$B$63=1,'Qtrly Data'!E71,NA()) -> 0.036 | F100: =IF('Qtrly Data'!$B$63=1,'Qtrly Data'!#REF!,NA()) -> #REF!
A101: Q4/30 | B101: =IF('Qtrly Data'!$B$83=1,'Qtrly Data'!B91,NA()) -> 0.0377 | C101: =IF('Qtrly Data'!$B$83=1,'Qtrly Data'!C91,NA()) -> 0.038 | D101: =IF('Qtrly Data'!$B$83=1,'Qtrly Data'!D91,NA()) -> 0.0358 | E101: =IF('Qtrly Data'!$B$83=1,'Qtrly Data'!E91,NA()) -> 0.0361 | F101: =IF('Qtrly Data'!$B$83=1,'Qtrly Data'!#REF!,NA()) -> #REF!
A102: Q1/31 | B102: =IF('Qtrly Data'!$B$103=1,'Qtrly Data'!B111,NA()) -> 0.0411 | C102: =IF('Qtrly Data'!$B$103=1,'Qtrly Data'!C111,NA()) -> 0.0383 | D102: =IF('Qtrly Data'!$B$103=1,'Qtrly Data'!D111,NA()) -> 0.035 | E102: =IF('Qtrly Data'!$B$103=1,'Qtrly Data'!E111,NA()) -> 0.0361 | F102: =IF('Qtrly Data'!$B$103=1,'Qtrly Data'!#REF!,NA()) -> #REF!
A103: Q2/31 | B103: =IF('Qtrly Data'!$B$123=1,'Qtrly Data'!B131,NA()) -> 0.044 | C103: =IF('Qtrly Data'!$B$123=1,'Qtrly Data'!C131,NA()) -> 0.0424 | D103: =IF('Qtrly Data'!$B$123=1,'Qtrly Data'!D131,NA()) -> 0.0405 | E103: =IF('Qtrly Data'!$B$123=1,'Qtrly Data'!E131,NA()) -> 0.0415 | F103: =IF('Qtrly Data'!$B$123=1,'Qtrly Data'!#REF!,NA()) -> #REF!
A104: Q3/31 | B104: =IF('Qtrly Data'!$B$143=1,'Qtrly Data'!B151,NA()) -> 0.0502 | C104: =IF('Qtrly Data'!$B$143=1,'Qtrly Data'!C151,NA()) -> 0.0447 | D104: =IF('Qtrly Data'!$B$143=1,'Qtrly Data'!D151,NA()) -> 0.047 | E104: =IF('Qtrly Data'!$B$143=1,'Qtrly Data'!E151,NA()) -> 0.0454 | F104: =IF('Qtrly Data'!$B$143=1,'Qtrly Data'!#REF!,NA()) -> #REF!
A105: Q4/31 | B105: =IF('Qtrly Data'!$B$163=1,'Qtrly Data'!B171,NA()) -> 0.0536 | C105: =IF('Qtrly Data'!$B$163=1,'Qtrly Data'!C171,NA()) -> 0.0483 | D105: =IF('Qtrly Data'!$B$163=1,'Qtrly Data'!D171,NA()) -> 0.0502 | E105: =IF('Qtrly Data'!$B$163=1,'Qtrly Data'!E171,NA()) -> 0.0494 | F105: =IF('Qtrly Data'!$B$163=1,'Qtrly Data'!#REF!,NA()) -> #REF!
A107: OP Earn/TA
B109: Bank 1 | C109: Bank 2 | D109: Bank 3 | E109: Bank 4 | F109: Bank 5
A110: Q4/29 | B110: ='Qtrly Data'!B12 -> 0.0032 | C110: =B110 -> 0.0032 | D110: =C110 -> 0.0032 | E110: =D110 -> 0.0032 | F110: =E110 -> 0.0032
A111: Q1/30 | B111: =IF('Qtrly Data'!$B$23=1,'Qtrly Data'!B32,NA()) -> 0.0076 | C111: =IF('Qtrly Data'!$B$23=1,'Qtrly Data'!C32,NA()) -> 0.0048 | D111: =IF('Qtrly Data'!$B$23=1,'Qtrly Data'!D32,NA()) -> 0.0095 | E111: =IF('Qtrly Data'!$B$23=1,'Qtrly Data'!E32,NA()) -> 0.0105 | F111: =IF('Qtrly Data'!$B$23=1,'Qtrly Data'!#REF!,NA()) -> #REF!
A112: Q2/30 | B112: =IF('Qtrly Data'!$B$43=1,'Qtrly Data'!B52,NA()) -> 0.0081 | C112: =IF('Qtrly Data'!$B$43=1,'Qtrly Data'!C52,NA()) -> 0.0055 | D112: =IF('Qtrly Data'!$B$43=1,'Qtrly Data'!D52,NA()) -> 0.0089 | E112: =IF('Qtrly Data'!$B$43=1,'Qtrly Data'!E52,NA()) -> 0.0099 | F112: =IF('Qtrly Data'!$B$43=1,'Qtrly Data'!#REF!,NA()) -> #REF!
A113: Q3/30 | B113: =IF('Qtrly Data'!$B$63=1,'Qtrly Data'!B72,NA()) -> 0.0085 | C113: =IF('Qtrly Data'!$B$63=1,'Qtrly Data'!C72,NA()) -> 0.0098 | D113: =IF('Qtrly Data'!$B$63=1,'Qtrly Data'!D72,NA()) -> 0.0063 | E113: =IF('Qtrly Data'!$B$63=1,'Qtrly Data'!E72,NA()) -> 0.0088 | F113: =IF('Qtrly Data'!$B$63=1,'Qtrly Data'!#REF!,NA()) -> #REF!
A114: Q4/30 | B114: =IF('Qtrly Data'!$B$83=1,'Qtrly Data'!B92,NA()) -> 0.0091 | C114: =IF('Qtrly Data'!$B$83=1,'Qtrly Data'!C92,NA()) -> 0.0098 | D114: =IF('Qtrly Data'!$B$83=1,'Qtrly Data'!D92,NA()) -> 0.0068 | E114: =IF('Qtrly Data'!$B$83=1,'Qtrly Data'!E92,NA()) -> 0.0066 | F114: =IF('Qtrly Data'!$B$83=1,'Qtrly Data'!#REF!,NA()) -> #REF!
A115: Q1/31 | B115: =IF('Qtrly Data'!$B$103=1,'Qtrly Data'!B112,NA()) -> 0.0108 | C115: =IF('Qtrly Data'!$B$103=1,'Qtrly Data'!C112,NA()) -> 0.0091 | D115: =IF('Qtrly Data'!$B$103=1,'Qtrly Data'!D112,NA()) -> 0.0047 | E115: =IF('Qtrly Data'!$B$103=1,'Qtrly Data'!E112,NA()) -> 0.0057 | F115: =IF('Qtrly Data'!$B$103=1,'Qtrly Data'!#REF!,NA()) -> #REF!
A116: Q2/31 | B116: =IF('Qtrly Data'!$B$123=1,'Qtrly Data'!B132,NA()) -> 0.0108 | C116: =IF('Qtrly Data'!$B$123=1,'Qtrly Data'!C132,NA()) -> 0.0105 | D116: =IF('Qtrly Data'!$B$123=1,'Qtrly Data'!D132,NA()) -> 0.0071 | E116: =IF('Qtrly Data'!$B$123=1,'Qtrly Data'!E132,NA()) -> 0.0101 | F116: =IF('Qtrly Data'!$B$123=1,'Qtrly Data'!#REF!,NA()) -> #REF!
A117: Q3/31 | B117: =IF('Qtrly Data'!$B$143=1,'Qtrly Data'!B152,NA()) -> 0.0192 | C117: =IF('Qtrly Data'!$B$143=1,'Qtrly Data'!C152,NA()) -> 0.0149 | D117: =IF('Qtrly Data'!$B$143=1,'Qtrly Data'!D152,NA()) -> 0.0164 | E117: =IF('Qtrly Data'!$B$143=1,'Qtrly Data'!E152,NA()) -> 0.0139 | F117: =IF('Qtrly Data'!$B$143=1,'Qtrly Data'!#REF!,NA()) -> #REF!
A118: Q4/31 | B118: =IF('Qtrly Data'!$B$163=1,'Qtrly Data'!B172,NA()) -> 0.0226 | C118: =IF('Qtrly Data'!$B$163=1,'Qtrly Data'!C172,NA()) -> 0.019 | D118: =IF('Qtrly Data'!$B$163=1,'Qtrly Data'!D172,NA()) -> 0.0192 | E118: =IF('Qtrly Data'!$B$163=1,'Qtrly Data'!E172,NA()) -> 0.0176 | F118: =IF('Qtrly Data'!$B$163=1,'Qtrly Data'!#REF!,NA()) -> #REF!
A120: ROA
...

Sheet Qtrly Data
A1: Quarterly Data
A3: C91 -- Bank Balance Sheets, as of 12/31/29 | B3: 1 | C3: 2 | D3: 3 | E3: 4
A4: Loans | B4: 628.24 | C4: 628.24 | D4: 628.24 | E4: 628.24
A5: Total Assets | B5: 781.093 | C5: 781.093 | D5: 781.093 | E5: 781.093
A6: Core Dep | B6: 634.133 | C6: 634.133 | D6: 634.133 | E6: 634.133
A7: Fed Funds | B7: -29.175 | C7: -29.175 | D7: -29.175 | E7: -29.175
A8: NLA/TA | B8: -0.0119 | C8: -0.0119 | D8: -0.0119 | E8: -0.0119
A9: L/D | B9: 0.9359 | C9: 0.9359 | D9: 0.9359 | E9: 0.9359
A10: Eq/TA | B10: 0.061 | C10: 0.061 | D10: 0.061 | E10: 0.061
A11: NIM | B11: 0.0324 | C11: 0.0324 | D11: 0.0324 | E11: 0.0324
A12: Op Earn / TA | B12: 0.0032 | C12: 0.0032 | D12: 0.0032 | E12: 0.0032
A13: ROA | B13: 0.0024 | C13: 0.0024 | D13: 0.0024 | E13: 0.0024
A14: ROE | B14: 0.0385 | C14: 0.0385 | D14: 0.0385 | E14: 0.0385
... A177: Avg Credit Quality* | B177: 2.43 | C177: 2.71 | D177: 2.86 | E177: 2.86
